 Dungeon Crawl Stone Soup version 0.31-a0-208-gdb31a4691d (webtiles) character file.

Game seed: 3656738895052552816

394 TrayleKats the Shooter (level 6, -6/51 HPs)
             Began as a Barachi Hunter on June 28, 2023.
             Mangled by an ogre
             ... wielding a +0 giant spiked club
              (35 damage)
             ... on level 5 of the Dungeon.
             The game lasted 00:02:57 (3054 turns).

TrayleKats the Shooter (Barachi Hunter)             Turns: 3054, Time: 00:02:58

Health: -6/51      AC:  4    Str: 14    XL:     6   Next: 81%
Magic:  6/6        EV: 12    Int:  9    God:
Gold:   170        SH:  0    Dex: 16    Spells: 5/5 levels left

rFire   . . .        a - +0 shortbow
rCold   . . .        (shield currently unavailable)
rNeg    . . .        c - +0 leather armour
rPois   .            v - +0 helmet
rElec   .            (no cloak)
rCorr   .            (no gloves)
SInv    .            (no boots)
Will    .....        (no amulet)
Stlth   +            (no ring)
HPRegen 0.28/turn    (no ring)
MPRegen 0.10/turn

%: no passive effects
@: slow
A: amphibious, slowness 1, strong legs 1, +LOS
a: Hop


You were on level 5 of the Dungeon.
You visited 1 branch of the dungeon, and saw 5 of its levels.

You collected 170 gold pieces.

Inventory:

Hand Weapons
 a - a +0 shortbow (weapon)
Armour
 c - a +0 leather armour (worn)
 v - a +0 helmet (worn)
Jewellery
 w - an amulet of reflection
Wands
 s - a wand of roots (5)
Scrolls
 b - a scroll of butterflies
 d - 3 scrolls of immolation {unknown}
 e - 2 scrolls of blinking {unknown}
 g - a scroll of revelation {unknown}
 h - 9 scrolls of identify {unknown}
 i - a scroll of amnesia {unknown}
 j - 3 scrolls of enchant weapon {unknown}
 k - a scroll of vulnerability {unknown}
 l - 3 scrolls of noise {unknown}
 n - 2 scrolls of fog {unknown}
 o - a scroll of brand weapon {unknown}
 p - 2 scrolls of poison {unknown}
 y - a scroll of silence {unknown}
Potions
 f - 2 potions of brilliance {unknown}
 m - 2 potions of lignification {unknown}
 q - 2 potions of haste {unknown}
 r - a potion of resistance
 t - 2 potions of curing {unknown}
 u - a potion of degeneration {unknown}
 x - a potion of mutation {unknown}
 z - 2 potions of heal wounds {unknown}


   Skills:
 + Level 5.2 Fighting
 * Level 6.8 Ranged Weapons
 - Level 2.1 Dodging
 - Level 0.8 Stealth


You had 5 spell levels left.
You didn't know any spells.
Your spell library contained the following spells:

 Spells                   Type           Power      Damage    Failure   Level
 Ensorcelled Hibernation  Hex/Ice        0%         N/A       61%         2
 Spider Form              Tmut/Pois      0%         N/A       83%         3
 Anguish                  Hex/Necr       0%         N/A       99%         4
 Conjure Ball Lightning   Conj/Air       0%         3x3d6     100%        6
 Discord                  Hex            0%         N/A       100%        8
 Disjunction              Tloc           0%         N/A       100%        8


Dungeon Overview and Level Annotations

Branches:
Dungeon (5/15)
 Temple: D:4-7

Altars:
Qazlal


Innate Abilities, Weirdness & Mutations

You are amphibious.
You cover ground slowly.
You can hop short distances.
You have an extended range of vision and can be seen from far away.


Message History

You shoot an arrow.
The arrow closely misses the howler monkey.
The howler monkey barely misses you.
You shoot an arrow. The arrow hits the howler monkey!
You kill the howler monkey!
Things that are here:
a +0 dagger; a stone
There is a stone staircase leading up here.
Things that are here:
a +0 club; a +0 chain mail
Things that are here:
a +0 dagger; a +0 robe You see here a +0 robe.
Things that are here:
a +0 club; 3 boomerangs Key pressed, stopping explore.
You see here 5 javelins.
You see here a +0 sling.
Done exploring.
Done exploring.
No target in view!
There is a stone staircase leading down here.
You climb downwards.
The ogre shouts!
There is a stone staircase leading up here.
You shoot an arrow. The arrow hits the ogre!
The ogre is moderately wounded.
You shoot an arrow. The arrow hits the ogre.
The ogre is moderately wounded.
You shoot an arrow. The arrow hits the ogre!
The ogre is severely wounded.
You shoot an arrow. The arrow closely misses the ogre.
You shoot an arrow. The arrow barely misses the ogre.
You shoot an arrow. The arrow completely misses the ogre.
The ogre hits you with a +0 giant spiked club!!
You shoot an arrow. The arrow hits the ogre.
The ogre is severely wounded.
The ogre hits you with a +0 giant spiked club!!
Ouch! That really hurt!
You die...

# .. ... .#..
.....######
.......###.#..
#..........#
#..@O# #.#+##
#


You could see an ogre.

Vanquished Creatures
  An ogre (D:4)
  2 howler monkeys (D:4)
  A hound (D:4)
  A jelly (D:4)
  An iguana (D:4)
  An orc wizard (D:4)
  3 adders
  3 gnolls (D:4)
  A worm (D:4)
  A dart slug (D:1)
  4 orcs (D:4)
  5 ball pythons
  3 bats
  4 endoplasms
  5 giant cockroaches
  6 goblins
  5 hobgoblins
  A quokka (D:2)
  2 frilled lizards (D:1)
  5 kobolds
  5 rats
60 creatures vanquished.

Notes
Turn   | Place    | Note
-------+----------+-------------------------------------------
     0 | D:1      | TrayleKats the Barachi Hunter began the quest for the Orb.
     0 | D:1      | Reached XP level 1. HP: 17/17 MP: 1/1
    45 | D:1      | Reached XP level 2. HP: 22/23 MP: 2/2
   462 | D:1      | Reached XP level 3. HP: 29/29 MP: 3/3
  1035 | D:2      | Reached skill level 5 in Ranged Weapons
  1355 | D:3      | Reached XP level 4. HP: 35/35 MP: 4/4
  2216 | D:4      | Noticed an ogre
  2226 | D:4      | Killed an ogre
  2227 | D:4      | Reached XP level 5. HP: 43/43 MP: 5/5
  2234 | D:4      | Reached skill level 6 in Ranged Weapons
  2234 | D:4      | Reached XP level 6. HP: 49/49 MP: 6/6
  2484 | D:4      | Found a stormy altar of Qazlal.
  2637 | D:4      | Reached skill level 5 in Fighting
  3047 | D:5      | Entered Level 5 of the Dungeon
  3054 | D:5      | Mangled by an ogre

Illustrated notes

Levels and vault maps discovered:
D:1:      dpeg_arrival_tiny_d, layout_loops_ring, minmay_tripent
D:2:      layout_loops_ring
D:3:      layout_basic
D:4:      layout_loops_cross, old_standard_altar
D:5:      layout_basic, minmay_temple_entry_large_hall, hex_tiny,
          minmay_starry_boxes

Skill      XL: |  1  2  3  4  5  6 |
---------------+-------------------+-----
Fighting       | 3 4 5 |  5.2
Ranged Weapons | 5 6 |  6.8
Dodging        | |  2.1
Stealth        | |  0.8

Action                     |  1- 3 |  4- 6 || total
---------------------------+-------+-------++-------
   Fire: Shortbow          |    88 |   122 ||   210
Ability: Hop               |       |     1 ||     1
  Evoke: Wand              |       |     3 ||     3
 Armour: Leather armour    |     6 |     6 ||    12
  Dodge: Dodged            |    20 |    28 ||    48

Table legend: (Time is in decaauts)
 A = Elapsed time spent in this place.
 B = Non-inter-level travel time spent in this place.
 C = Inter-level travel time spent in this place.
 D = Time resting spent in this place.
 E = Time spent auto-exploring this place.
 F = Levels seen in this place.
 G = Mean time per level.
                   A        B        C        D        E       F      G
               +--------+--------+--------+--------+--------+-----+--------+
         Total |   3602 |   3469 |    133 |     67 |   2998 |   5 |  720.4 |
       Dungeon |   3602 |   3469 |    133 |     67 |   2998 |   5 |  720.4 |
               +--------+--------+--------+--------+--------+-----+--------+

Top non-repeatable levels by time:
     D:4: 1074 daAuts
     D:3: 935 daAuts
     D:1: 792 daAuts
     D:2: 792 daAuts
     D:5: 7 daAuts
